 Dungeon Crawl Stone Soup version 0.25-a0-424-g80bd347ae0 (webtiles) character file.

Game seed: 17520885724020727263, levelgen mode: deterministic

140 Erk the Vexing (level 5, -4/30 HPs)
             Began as a Kobold Arcane Marksman on Jan 20, 2020.
             Killed from afar by an orc wizard (9 damage)
             ... with a puff of flame
             ... on level 3 of the Dungeon.
             The game lasted 00:15:30 (2704 turns).

Erk the Vexing (Kobold Arcane Marksman)             Turns: 2704, Time: 00:15:30

Health: -4/30      AC:  3    Str:  7    XL:     5   Next: 47%
Magic:  8/8        EV: 16    Int: 19    God:
Gold:   150        SH:  0    Dex: 15    Spells: 2/8 levels left

rFire    . . .     SeeInvis .   a - +0 hand crossbow
rCold    . . .     Gourm    .   (shield restricted)
rNeg     . . .     Faith    .   e - +0 robe
rPois    .         Spirit   .   i - +0 helmet
rElec    .         Reflect  .   (no cloak)
rCorr    .         Harm     .   (no gloves)
MR       .....                  (no boots)
Stlth    ++........             k - amulet of the acrobat
HPRegen  0.10/turn              v - +3 ring of intelligence
MPRegen  0.11/turn              (no ring)

@: no status effects
A: small, carnivore
a: no special abilities


You were on level 3 of the Dungeon.
You were completely stuffed.

You visited 1 branch of the dungeon, and saw 4 of its levels.

You collected 150 gold pieces.

Inventory:

Hand Weapons
 a - a +0 hand crossbow (weapon)
 b - a +0 dagger
 r - a +2 short sword of speed
Missiles
 d - 24 bolts (quivered)
 q - 19 poisoned darts
Armour
 e - a +0 robe (worn)
 i - a +0 helmet (worn)
 o - a +0 leather armour
Jewellery
 k - an amulet of the acrobat (around neck)
 v - a +3 ring of intelligence (left hand)
Scrolls
 g - a scroll of fog {unknown}
 h - 3 scrolls of enchant weapon {unknown}
 j - a scroll of identify {unknown}
 l - 2 scrolls of remove curse {unknown}
 n - 2 scrolls of fear {unknown}
 p - a scroll of immolation {unknown}
 t - a scroll of noise {unknown}
 u - a scroll of teleportation {unknown}
Potions
 c - a potion of mutation {unknown}
 m - a potion of might {unknown}
 s - a potion of haste {unknown}
Comestibles
 f - a ration


   Skills:
 - Level 2.0 Fighting
 + Level 0.7 Short Blades
 + Level 3.4 Crossbows
 + Level 3.5 Dodging
 + Level 2.6 Stealth
 - Level 2.0 Spellcasting
 + Level 3.5 Hexes


You had 2 spell levels left.
You knew the following spells:

 Your Spells              Type           Power        Failure   Level  Hunger
a - Corona                Hex            ###....      4%          1    #......
b - Slow                  Hex            ###.....     6%          2    ###....
c - Portal Projectile     Hex/Tloc       #.....       24%         3    ###....

Your spell library contained the following spells:

 Spells                   Type           Power        Failure   Level  Hunger
 Inner Flame              Hex/Fire       #.......     24%         3    ###....
 Cause Fear               Hex            ###.......   36%         4    #####..
 Leda's Liquefaction      Hex/Erth       #.........   63%         4    #####..


Dungeon Overview and Level Annotations

Branches:
Dungeon (4/15)
 Temple: D:4-7

Altars:
Ashenzari
Elyvilon


Innate Abilities, Weirdness & Mutations

You are small and have problems with some larger weapons.
You are carnivorous and can eat meat at any time.


Message History

Aim: an orc wizard, wielding a +0 dagger and wearing a +0 robe (almost dead)
You shoot a bolt.
The bolt completely misses the orc wizard.
The orc wizard hits you with a +0 dagger.
* * * LOW HITPOINT WARNING * * *
Something hits you.
* * * LOW HITPOINT WARNING * * *
The orc wizard hits you but does no damage.
You hear some strange, mumbled words.
A puff of flame appears from out of thin air!
The puff of flame misses you.
Firing (i - inventory. (/) - cycle)
d - 25 bolts (quivered)
Press: ? - help, Shift-Dir - straight line, f/p - orc wizard
Aim: an orc wizard, wielding a +0 dagger and wearing a +0 robe (almost dead)
You shoot a bolt. The bolt hits the orc wizard.
You kill the orc wizard!
You hear some strange, mumbled words.
A puff of flame appears from out of thin air!
The puff of flame hits you!
You die...

#.#.# #.######## #.#(#
#......... #.#.#
##...####
#...#######...######
#........'...'.....
######(..######...######
.........# #...#
#######)#######...#
#@{.....#...#
#######.#####


There were no monsters in sight!

Vanquished Creatures
  An orc wizard (D:3)
  A gnoll (D:1)
  4 adders (D:2)
  2 oozes
  3 worms (D:2)
  3 leopard geckos
  An orc (D:3)
  A giant cockroach (D:1)
  3 goblins
  8 hobgoblins
  3 jackals (D:1)
  6 kobolds
  A ball python (D:1)
  7 bats
  3 frilled lizards
  6 rats
53 creatures vanquished.

Notes
Turn   | Place    | Note
-------+----------+-------------------------------------------
     0 | D:1      | Erk the Kobold Arcane Marksman began the quest for the Orb.
     0 | D:1      | Reached XP level 1. HP: 12/12 MP: 2/2
    94 | D:2      | Reached XP level 2. HP: 16/16 MP: 3/3
   247 | D:1      | Reached skill level 1 in Stealth
   265 | D:1      | Reached XP level 3. HP: 16/20 MP: 5/5
  1595 | D:2      | Reached XP level 4. HP: 26/26 MP: 6/6
  1599 | D:2      | Learned a level 2 spell: Slow
  1603 | D:2      | Learned a level 3 spell: Portal Projectile
  1906 | D:2      | Found a shattered altar of Ashenzari.
  2383 | D:2      | Reached XP level 5. HP: 20/30 MP: 6/8
  2548 | D:3      | Found a white marble altar of Elyvilon.
  2704 | D:3      | Killed from afar by an orc wizard

Levels and vault maps discovered:
D:1:      evilmike_arrival_rings, layout_loops_ring, kennysheep_boxes
D:2:      layout_loops_cross, nicolae_ashenzari_panopticon
D:3:      layout_basic, led_sif_book, overflow_temple_1_default
D:4:      layout_basic, grunt_dithmenos_smoke, serial_shops,
          nicolae_shop_window_shopping

Skill      XL: |  1  2  3  4 |
---------------+-------------+-----
Stealth        | 1 2 |  2.6
Fighting       | 2 |  2.0
Crossbows      | 3 |  3.4
Dodging        | 3 |  3.5
Spellcasting   | 2 |  2.0
Short Blades   | |  0.7
Hexes          | |  3.5

Action                   |  1- 3 |  4- 6 || total
-------------------------+-------+-------++-------
Melee: Dagger            |   138 |    64 ||   202
 Fire: Hand crossbow     |    34 |    44 ||    78
 Cast: Corona            |       |     1 ||     1
 Stab: Sleeping          |     5 |     2 ||     7
  Eat: Chunk             |    11 |     3 ||    14
Armor: Robe              |    33 |    12 ||    45
Dodge: Dodged            |   137 |    65 ||   202

Table legend:
 A = Non-vault XP
 B = Vault XP
 C = Vault XP percentage of total XP
 D = Non-vault monster count
 E = Vault monster count
 F = Vault count percentage of total count
                 A         B        C        D         E       F
            +---------+---------+-------+---------+---------+-------
      Total |     201 |       0 |   0.0 |      53 |       0 |   0.0
            +---------+---------+-------+---------+---------+-------
        D:1 |      51 |       0 |   0.0 |      23 |       0 |   0.0
        D:2 |      98 |       0 |   0.0 |      23 |       0 |   0.0
        D:3 |      52 |       0 |   0.0 |       7 |       0 |   0.0
            +---------+---------+-------+---------+---------+-------
